Map: Cerulean Fall LE

Players

Mesrob - Winner!

  • Race: Terran Terran
  • League: Gold
  • Spawn Location: 1:00

mrkiller

  • Race: Protoss Protoss
  • League: Gold
  • Spawn Location: 7:00

VOD

Have the link to the VOD?

Description

Time

  • Played on: Jan. 14, 2019, 11:42 a.m.
  • Length: 24:57
Show
View Real Time Build Order
Export as new Build Order

Mesrob Terran - Winner!

Build Orders: Mech 

Get SALT Encoding   

  12  0:01  SCV  
  13  0:13  SCV  
  14  0:18  Supply Depot  
  14  0:25  SCV  
  15  0:40  SCV  
  15  0:41  Barracks  
  16  0:49  Refinery  
  16  0:52  SCV  
  17  1:06  SCV  
  18  1:18  SCV  
  19  1:37  Orbital Command  
  19  1:40  Marine, Command Center  
  20  1:57  Bunker  
  20  2:02  SCV  
  21  2:14  SCV  
  22  2:16  Factory  
  22  2:18  Supply Depot  
  22  2:29  Supply Depot  
  22  2:37  Barracks Tech Lab  
  22  2:40  SCV  
  23  2:45  Refinery  
  23  2:52  SCV  
  23  2:53  Supply Depot  
  23  2:56  Orbital Command  
  24  3:04  Engineering Bay, SCV  
  25  3:15  Siege Tank  
  28  3:20  Refinery, SCV  
  28  3:23  SCV  
  30  3:31  Supply Depot  
  30  3:32  SCV  
  31  3:36  Missile Turret  
  31  3:47  Marine  
  32  3:54  Siege Tank  
  35  4:00  Missile Turret  
  35  4:06  Armory  
  35  4:10  SCV  
  35  4:13  SCV  
  37  4:20  Missile Turret  
  37  4:22  SCV  
  38  4:25  SCV  
  38  4:26  Siege Tank  
  42  4:34  SCV  
  42  4:37  SCV  
  44  4:39  Command Center  
  44  4:46  SCV  
  44  4:49  SCV  
  44  4:50  Missile Turret  
  46  4:55  Terran Vehicle Weapons Level 1  
  46  4:58  SCV  
  47  5:01  Supply Depot, SCV  
  47  5:06  Siege Tank  
  51  5:10  SCV  
  52  5:23  Supply Depot  
  52  5:29  Factory  
  52  5:35  Marine  
  52  5:37  SCV  
  52  5:38  SCV  
  55  5:43  Refinery  
  55  5:47  Supply Depot  
  55  5:49  SCV  
  56  5:50  SCV  
  56  5:55  Orbital Command  
  57  6:01  SCV  
  57  6:02  Command Center, SCV  
  59  6:13  Factory, SCV  
  60  6:26  Missile Turret  
  60  6:31  Factory Reactor  
  60  6:32  Thor  
  66  6:37  Orbital Command  
  66  6:46  SCV x2  
  68  6:48  Missile Turret  
  68  6:58  SCV x2  
  69  7:07  Refinery  
  68  7:13  Missile Turret  
  68  7:14  Marine  
  69  7:16  SCV x2  
  69  7:17  SCV  
  72  7:28  SCV  
  72  7:29  SCV  
  75  7:30  SCV  
  75  7:34  Missile Turret  
  75  7:37  Refinery  
  75  7:40  SCV  
  75  7:41  SCV  
  75  7:42  SCV  
  75  7:43  Factory Reactor  
  78  7:52  SCV  
  78  7:53  SCV  
  78  7:54  SCV  
  78  7:55  Factory  
  81  7:58  Factory  
  81  8:04  SCV  
  81  8:05  SCV  
  83  8:06  SCV  
  83  8:09  Thor  
  83  8:10  Hellbat x2  
  94  8:17  Terran Vehicle And Ship Armor Level 1, SCV x2  
  94  8:18  SCV  
  97  8:21  Armory  
  97  8:40  Factory  
  101  8:41  Hellbat x2  
  101  8:43  Factory  
  101  8:44  Hellbat  
  101  8:45  Hellbat  
  105  8:52  Siege Tank  
  108  9:09  Missile Turret  
  108  9:12  Supply Depot  
  108  9:13  Missile Turret  
  108  9:18  Factory Tech Lab  
  108  9:21  Factory Tech Lab  
  108  9:28  Factory Tech Lab  
  108  9:29  Missile Turret  
  108  9:32  Factory Reactor  
  108  9:35  Missile Turret  
  108  9:37  Supply Depot  
  108  9:50  Planetary Fortress  
  108  9:51  Missile Turret  
  108  9:53  Refinery  
  108  10:00  Supply Depot  
  108  10:08  Thor x2  
  108  10:09  Thor  
  108  10:12  Missile Turret  
  132  10:14  Missile Turret  
  132  10:16  Terran Vehicle And Ship Armor Level 2  
  132  10:17  Hellbat x3, Hellion, Sensor Tower  
  132  10:19  Hellbat x2, Refinery  
  132  10:21  Terran Vehicle Weapons Level 2  
  144  10:29  Supply Depot  
  144  10:30  SCV x2  
  144  10:32  Missile Turret  
  144  10:34  SCV x2  
  148  10:36  Missile Turret  
  149  10:42  SCV  
  149  10:49  Command Center  
  149  10:51  Supply Depot, Sensor Tower  
  149  11:07  Sensor Tower  
  149  11:23  Sensor Tower  
  147  11:25  Missile Turret  
  147  11:39  Thor x2  
  155  11:40  Thor  
  155  11:41  Hellbat x2, Hellion  
  155  11:42  Hellbat x2  
  155  11:46  Missile Turret  
  171  11:56  Supply Depot  
  173  12:01  Hellbat  
  173  12:02  Supply Depot  
  173  12:09  Missile Turret  
  167  12:19  Supply Depot  
  167  12:25  Supply Depot  
  167  12:29  Widow Mine  
  171  12:30  Widow Mine  
  171  12:32  Missile Turret  
  163  12:42  Supply Depot  
  163  12:46  Thor x2  
  163  12:47  Hellion  
  163  12:48  Hellbat  
  163  12:49  Hellbat x3  
  189  12:54  Hellion  
  189  12:59  SCV  
  190  13:11  SCV  
  191  13:23  Planetary Fortress, SCV  
  192  13:28  Refinery  
  192  13:30  Refinery  
  192  13:33  SCV x3  
  195  13:35  SCV  
  196  13:45  SCV  
  187  14:53  Thor  
  187  14:54  Thor  
  138  15:17  Hellbat x4  
  138  15:18  Hellbat x2  
  141  15:36  Thor  
  147  15:54  Missile Turret  
  147  16:10  Hellbat x4  
  147  16:11  Hellbat x2  
  159  16:12  Command Center, Thor  
  159  16:15  Thor  
  165  16:18  Thor  
  165  16:19  Thor  
  171  16:31  Hellbat x2  
  171  16:32  Hellbat x4  
  183  16:35  Starport  
  183  16:57  Thor  
  183  17:00  Command Center  
  189  17:01  Thor  
  195  17:12  Starport  
  195  17:48  Starport  
  193  18:16  Thor  
  193  18:17  Thor x2  
  177  18:23  Factory Reactor  
  177  18:25  Hellbat x6  
  117  18:46  Hellbat x4  
  119  18:48  Starport Tech Lab x2  
  119  18:50  Starport Tech Lab  
  119  18:57  Fusion Core  
  119  18:59  Thor x2  
  119  19:00  Thor  
  119  19:01  Starport  
  137  19:13  Planetary Fortress  
  137  19:35  Refinery  
  137  19:41  Starport  
  137  19:42  Thor x2  
  149  19:46  Planetary Fortress  
  149  19:50  Refinery  
  149  20:01  Refinery  
  122  20:14  Starport Tech Lab  
  122  20:15  Refinery, Battlecruiser x3  
  122  20:18  Thor  
  122  20:19  Starport  
  122  20:20  Hellbat  
  122  20:21  Hellbat x3  
  142  20:22  Hellbat x4  
  142  20:25  Thor  
  128  20:35  Battlecruiser  
  126  20:37  Starport Tech Lab  
  126  20:45  Thor  
  126  20:46  Hellbat x3  
  126  20:47  Hellbat x4  
  126  20:48  Hellbat  
  142  21:01  Thor  
  134  21:08  Hellbat x5, Thor  
  134  21:24  Starport Tech Lab  
  134  21:25  Battlecruiser x2  
  138  21:26  Battlecruiser x2  
  138  21:28  Thor  
  138  21:30  Hellbat  
  138  21:31  Hellbat x5  
  138  21:32  Hellbat  
  166  21:33  Hellbat  
  158  21:44  Thor  
  148  21:51  Thor  
  148  21:52  Hellbat x5  
  162  21:56  Command Center  
  162  22:07  Hellbat x3  
  168  22:10  Thor  
  168  22:11  Battlecruiser  
  168  22:13  Hellbat x3  
  168  22:14  Hellbat x2  
  190  22:19  Battlecruiser  
  196  22:28  Hellbat x2  
  200  22:46  Command Center  
  192  23:22  Thor  
  192  23:24  Thor  
  194  23:31  Battlecruiser x2  
  188  24:00  Thor  
  188  24:01  Hellbat  
  188  24:02  Hellbat x5  
Show
View Real Time Build Order
Export as new Build Order

mrkiller Protoss 

Build Orders:  

Get SALT Encoding   

  1  0:00  Probe  
  12  0:06  Probe  
  14  0:16  Probe  
  15  0:23  Pylon  
  15  0:30  Assimilator  
  15  0:41  Probe  
  16  0:46  Gateway  
  16  0:52  Probe  
  17  1:00  Probe  
  17  1:08  Probe  
  18  1:12  Pylon  
  19  1:25  Assimilator  
  19  1:27  Probe  
  20  1:33  Cybernetics Core  
  20  1:44  Probe  
  21  1:56  Probe  
  21  1:58  Pylon  
  22  2:07  Gateway  
  22  2:08  Probe  
  23  2:13  Stalker  
  25  2:24  Warp Gate  
  25  2:34  Gateway  
  25  2:54  Robotics Facility  
  25  2:58  Gateway  
  25  3:08  Adept  
  25  3:10  Stalker  
  29  3:26  Forge  
  29  3:36  Nexus  
  29  4:09  Photon Cannon  
  29  4:10  Shield Battery  
  29  4:11  Immortal  
  33  4:19  Assimilator  
  31  4:47  Probe  
  31  4:48  Stargate  
  31  4:49  Stargate  
  32  4:54  Stalker  
  32  4:55  Stalker, Probe  
  32  4:58  Sentry  
  39  5:11  Zealot  
  39  5:13  Probe  
  42  5:21  Probe  
  42  5:23  Probe  
  44  5:29  Probe  
  44  5:31  Probe  
  44  5:34  Oracle  
  49  5:40  Probe  
  50  5:45  Shield Battery  
  50  5:46  Pylon  
  50  5:47  Pylon  
  50  5:48  Probe  
  50  5:56  Probe  
  51  6:00  Assimilator  
  52  6:07  Void Ray  
  56  6:17  Void Ray  
  60  6:22  Sentry  
  62  6:31  Robotics Bay  
  62  6:33  Probe  
  63  6:41  Probe  
  64  6:51  Probe  
  65  7:03  Probe  
  65  7:07  Void Ray  
  67  7:08  Stalker  
  69  7:18  Pylon  
  69  7:20  Pylon  
  69  7:28  Disruptor  
  69  7:29  Probe  
  69  7:32  Pylon  
  69  7:36  Pylon  
  73  7:37  Probe  
  73  7:43  Void Ray  
  78  8:01  Stalker x4  
  78  8:02  Disruptor  
  89  8:12  Protoss Ground Weapons Level 1  
  89  8:26  Void Ray  
  93  8:31  Gravitic Drive  
  93  8:40  Pylon  
  93  8:46  Stalker  
  93  8:48  Void Ray  
  99  9:05  Nexus  
  99  9:09  Void Ray  
  103  9:12  Disruptor  
  103  9:13  Photon Cannon  
  103  9:16  Shield Battery  
  106  9:48  Disruptor  
  106  9:50  Robotics Facility  
  109  10:02  Photon Cannon  
  109  10:06  Pylon  
  109  10:07  Gateway  
  109  10:14  Robotics Facility  
  109  10:21  Void Ray  
  113  10:38  Disruptor  
  116  10:48  Void Ray  
  116  10:55  Void Ray, Protoss Air Weapons Level 1  
  124  11:13  Disruptor  
  125  11:31  Void Ray  
  123  12:41  Zealot x4  
  123  12:42  Stalker  
  133  13:03  Pylon  
  133  13:05  Pylon  
  133  13:08  Pylon  
  133  13:09  Pylon  
  133  13:12  Pylon  
  133  13:17  Probe, Fleet Beacon  
  133  13:21  Immortal  
  133  13:25  Stalker  
  133  13:26  Stalker x4, Probe  
  148  13:29  Pylon  
  149  13:38  Probe  
  150  13:50  Probe  
  150  13:51  Immortal  
  151  14:02  Stalker, Probe  
  156  14:03  Stalker x4  
  166  14:11  Probe, Tempest  
  172  14:19  Mothership, Probe  
  171  15:01  Immortal  
  95  15:23  Stalker x4  
  95  15:27  Tempest x2  
  113  15:30  Disruptor  
  116  15:37  Disruptor  
  116  15:39  Assimilator  
  119  15:43  Assimilator  
  119  15:55  Nexus  
  119  15:58  Pylon  
  119  15:59  Pylon  
  119  16:01  Disruptor  
  119  16:09  Void Ray  
  126  16:26  Observer  
  127  16:34  Disruptor  
  130  16:46  Stalker  
  130  16:47  Stalker  
  134  16:48  Zealot x2  
  134  16:49  Zealot  
  134  16:51  Nexus  
  140  17:04  Twilight Council  
  140  17:07  Tempest  
  145  17:09  Disruptor  
  148  17:23  Carrier  
  148  17:28  Assimilator  
  154  17:33  Assimilator  
  154  17:36  Pylon  
  154  17:50  Tempest  
  159  17:55  Sentry  
  112  18:49  Stalker x2  
  112  18:50  Stalker x3  
  112  18:54  Probe  
  112  18:55  Tempest x2  
  132  19:02  Probe  
  134  19:12  Probe  
  134  19:16  Disruptor  
  138  19:19  Disruptor  
  138  19:21  Probe  
  141  19:29  Probe  
  143  19:38  Probe  
  143  19:45  Observer  
  145  19:50  Probe  
  61  21:58  Stalker x2  
  61  21:59  Stalker x3  
  65  22:01  Phoenix x2  
  65  22:08  Observer  
  67  22:25  Photon Cannon  
  67  22:26  Phoenix x2  
  67  22:27  Stalker x2, Photon Cannon  
  67  22:28  Stalker x3, Photon Cannon  
  67  22:29  Immortal, Photon Cannon  
  85  22:30  Photon Cannon  
  85  22:35  Photon Cannon  
  93  22:37  Pylon  
  93  22:40  Probe  
  94  22:48  Probe  
  94  22:51  Void Ray, Phoenix  
  94  22:54  Stalker x5  
  94  22:58  Probe  
  112  23:16  Void Ray  
  94  23:33  Stalker x2  
  94  23:34  Stalker x2, Phoenix  
  79  23:35  Zealot  
  66  23:41  Disruptor  
  40  24:12  Stalker x4  
  41  24:35  Stalker x2  
  41  24:36  Stalker x2  
Tags
 
Composition
Mech
League
GoldGold
Matchup
PvT
Replay Pack
sc2 replays
Spawn Locations
Cross Positions
Add a new tag
Caveats
  • Supply blocks, unpowered buildings, or Contaminate may cause inaccurate times.
  • Supply counts are checked every 10 seconds.